 Dungeon Crawl Stone Soup version 0.28-a0-1143-gcf6077d4cc (webtiles) character file.

Game seed: 12075690147784394026

12068 ducksouse the Summoner (level 11, -4/42 HPs)
             Began as a Felid Summoner on Dec 13, 2021.
             Slain by a water moccasin (6 damage)
             ... on level 2 of the Lair of Beasts on Dec 14, 2021.
             The game lasted 01:57:54 (16499 turns).

ducksouse the Summoner (Felid Summoner)            Turns: 16499, Time: 01:57:55

Health: -4/42      AC:  2    Str:  4    XL:     11   Next: 57%
Magic:  16/27      EV: 21    Int: 18    God:
Gold:   416        SH:  0    Dex: 20    Spells: 7/32 levels left
                                        Lives:  0   Deaths: 3

rFire   . . .      SeeInvis +     - Unarmed
rCold   . . .      Faith    .   (shield unavailable)
rNeg    . . .      Spirit   .   (armour unavailable)
rPois   +          Reflect  .   (helmet unavailable)
rElec   .          Harm     .   (cloak unavailable)
rCorr   .          Rampage  .   (gloves unavailable)
Will    +....                   (boots unavailable)
Stlth   +++.......              g - amulet of magic regeneration
HPRegen 0.14/turn               C - ring of poison resistance
MPRegen 0.60/turn               (no ring)

@: quick
A: very small, claws 1, fangs 3, see invisible, speed 1, shaggy fur 2, stealthy
paws, no weapons or thrown items, no armour, multi-lived
a: no special abilities


You were on level 2 of the Lair of Beasts.
You visited 2 branches of the dungeon, and saw 12 of its levels.

You collected 542 gold pieces.
You spent 126 gold pieces at shops.

Inventory:

Jewellery
 g - an amulet of magic regeneration (around neck)
 j - an amulet of the acrobat
 o - a ring of magical power
 C - a ring of poison resistance (left paw)
 G - an amulet of guardian spirit
Wands
 q - a wand of digging (3)
 w - a wand of iceblast (5)
 A - a wand of mindburst (11)
 H - a wand of charming (2)
Scrolls
 a - 2 scrolls of magic mapping
 f - 2 scrolls of fog
 h - 3 scrolls of teleportation
 i - a scroll of holy word
 n - 2 scrolls of brand weapon {unknown}
 s - a scroll of enchant weapon
 t - a scroll of silence {unknown}
 u - a scroll of blinking
 x - 2 scrolls of immolation
 y - 2 scrolls of amnesia {unknown}
 z - a scroll of torment {unknown}
 D - 2 scrolls of noise {unknown}
 I - a scroll of identify
Potions
 b - a potion of berserk rage {unknown}
 d - a potion of mutation {unknown}
 e - 2 potions of haste
 k - a potion of flight
 l - a potion of magic {unknown}
 m - a potion of cancellation {unknown}
 p - 2 potions of attraction
 r - a potion of invisibility {unknown}
 v - a potion of might {unknown}
 B - a potion of degeneration {unknown}
 E - a potion of lignification {unknown}
 F - a potion of heal wounds
 J - a potion of resistance {unknown}
Miscellaneous
 c - a piece from Xom's chessboard (15/15)


   Skills:
 + Level 1.6 Fighting
 * Level 6.0 Dodging
 + Level 5.2 Stealth
 + Level 2.1 Unarmed Combat
 + Level 11.1 Spellcasting
 - Level 4.4 Hexes
 * Level 12.2 Summonings
 + Level 4.0 Fire Magic
 + Level 2.2 Air Magic
 - Level 6.3 Evocations


You had 7 spell levels left.
You knew the following spells:

 Your Spells              Type           Power      Damage    Failure   Level
a - Summon Small Mammal   Summ           100%       N/A       1%          1
b - Call Imp              Summ           52%        N/A       1%          2
c - Call Canine Familiar  Summ           52%        N/A       1%          3
d - Summon Guardian Gole  Hex/Summ       40%        N/A       1%          3
e - Scorch                Fire           48%        2d7       1%          2
f - Summon Lightning Spi  Summ/Air       36%        N/A       3%          4
g - Slow                  Hex            100%       N/A       1%          1
h - Summon Cactus Giant   Summ           26%        N/A       7%          6
i - Inner Flame           Hex/Fire       25%        N/A       3%          3

Your spell library contained the following spells:

 Spells                   Type           Power      Damage    Failure   Level
 Shock                    Conj/Air       56%        1d6       4%          1
 Summon Mana Viper        Hex/Summ       40%        N/A       6%          5
 Swiftness                Air            18%        N/A       9%          3
 Ignite Poison            Fire/Tmut/Pois 14%        N/A       12%         3
 Mephitic Cloud           Conj/Pois/Air  12%        N/A       16%         3
 Summon Forest            Summ/Tloc      16%        N/A       16%         5
 Airstrike                Air            9%         N/A       28%         4
 Flame Wave               Conj/Fire      17%        2d5       30%         4
 Silence                  Hex/Air        11%        N/A       45%         5
 Freezing Cloud           Conj/Ice/Air   6%         6-21      82%         5
 Blade Hands              Tmut           5%         N/A       89%         5
 Starburst                Conj/Fire      8%         6d4       99%         6
 Iron Shot                Conj/Erth      5%         9d2       100%        6
 Animate Armour           Summ/Erth      Unusable   N/A       N/A         4

Dungeon Overview and Level Annotations

Branches:
Dungeon (10/15)            Temple (0/1) D:7            Lair (2/6) D:8
  Swamp (0/4) Lair:2
  Snake: Lair:2-4    Spider: Lair:2-4       Orc: D:9-12

Altars:
Uskayaw
Wu Jian
Xom

Shops:
D:3 !   D:4 =!*[   D:8 *


Innate Abilities, Weirdness & Mutations

You have sharp claws.
You have razor-sharp teeth.
You have supernaturally acute eyesight. (SInv)
You cover ground quickly. (Speed+)
You are covered in thick fur. (AC +2)
Your paws help you pounce on unaware monsters.
You are incapable of wielding weapons or throwing items.
You cannot wear armour.
You gain extra lives every three experience levels.


Message History

You kill the yak!
Your Dodging skill increases to level 6!
You swap places.
You swap places.
Your cactus giant disappears in a puff of smoke!
Casting: Scorch (safe; 1% risk of failure)
Confirm with . or Enter, or press ? or * to list all spells.
An electric hum fills the air.
A water moccasin comes into view.
Your guardian golem disappears in a puff of smoke!
Found a scratched ivory ring.
As you open the door, it creaks loudly!
A will-o-the-wisp comes into view.
The will-o-the-wisp gives a chilling moan.
The water moccasin hisses angrily.
You hear a loud, deep croak!
Your crimson imp disappears in a puff of smoke!
The will-o-the-wisp gestures.
The will-o-the-wisp conjures some foxfire!
Found a scroll of identify.
Found a staircase to the Swamp. 2 foxfires come into view.
You swap places.
The foxfire hits your warg! The foxfire hits your warg!!
Your warg dies!
Your warg's corpse disappears in a puff of smoke!
A blink frog comes into view.
You barely miss the water moccasin. The water moccasin bites you!
The will-o-the-wisp gestures.
The will-o-the-wisp conjures some foxfire!
The water moccasin completely misses you. 2 foxfires come into view.
The will-o-the-wisp gestures.
The will-o-the-wisp conjures some foxfire! 2 foxfires come into view.
The foxfire hits you! The foxfire hits you!!
Ouch! That really hurt!
* * * LOW HITPOINT WARNING * * *
Casting: Summon Lightning Spire (dangerous; 3% risk of failure)
Confirm with . or Enter, or press ? or * to list all spells.
The water moccasin bites you.
You die...

....#.... .. . ..#######
..#.#.P. #. ### ####..#..#
..= # ## #.......# .... #
#.###......### #+.P.#
######...........# #.§...§
.................#### .......
.................##P##......§
..†...........r.@S...Fv.§§§§.
.......†...........#..#.§§§..
...8.#...........#####..§§§≈.
..................# #..§..§
.................## §..§..
......####.....### .§...
....### ###..## ..... #...#
..## .+# ...P#


You could see a will-o-the-wisp, a blink frog, a water moccasin (ally target)
and a friendly quokka (summoned).

Vanquished Creatures
  2 hydras (Lair:1)
  2 komodo dragons
  2 yaks
  A water moccasin (Lair:1)
  A phantom (D:4)
  A bullfrog (D:8)
  A cane toad simulacrum (Lair:1)
  A water moccasin skeleton (D:5)
  6 wights
  A howler monkey (D:9)
  A centaur skeleton (D:3)
  An orc priest (D:7)
  An iguana (D:7)
  6 orc wizards
  A wolf simulacrum (Lair:1)
  A nameless horror (Lair:1)
  A gnoll (D:8)
  4 adders
  A shadow imp (D:6)
  A white imp (D:6)
  A dart slug (D:5)
  5 orcs
  4 bats
  3 endoplasms
  6 goblins
  A hobgoblin (D:4)
  6 kobolds
  A quokka (D:3)
  2 frilled lizards
  4 rats
69 creatures vanquished.

Vanquished Creatures (collateral kills)
  Erolcha (D:9)
  A boulder beetle (Lair:1)
  A two-headed ogre (D:9)
  A nameless horror (D:8)
  A black mamba (Lair:2)
  A cane toad (Lair:1)
  A rime drake (Lair:1)
  2 komodo dragons
  A blink frog (Lair:1)
  Prince Ribbit (D:7)
  Sigmund (D:3)
  A shadow (D:9)
  12 yaks
  5 water moccasins
  An acid dragon (D:9)
  A sky beast (D:7)
  An ice beast (D:6)
  A necrophage (D:8)
  A phantom (D:5)
  A kobold brigand (D:9)
  5 bullfrogs
  2 gnoll sergeants
  A water moccasin skeleton (D:7)
  2 killer bees (D:8)
  3 wights
  A howler monkey (D:6)
  A bullfrog zombie (D:5)
  A centaur zombie (D:8)
  A hound (D:4)
  A centaur skeleton (D:4)
  2 orc priests
  2 jellies
  Crazy Yiuf (D:2)
  2 iguanas
  Jessica (D:3)
  9 orc wizards (D:7)
  Terence (D:2)
  Natasha (thrice) (D:3)
  A hound zombie (D:3)
  A howler monkey zombie (D:8)
  7 gnolls
  A howler monkey skeleton (D:6)
  8 adders
  A shadow imp (D:5)
  A white imp (D:6)
  An ufetubus (D:5)
  2 adder skeletons (D:4)
  3 dart slugs
  12 orcs
  8 endoplasms
  3 giant cockroaches
  8 goblins
  4 hobgoblins
  2 quokkas (D:1)
  5 ball pythons
  3 frilled lizards
  4 kobolds
  5 rats
155 creatures vanquished.

Vanquished Creatures (others)
  3 death yaks (D:8)
  A komodo dragon (Lair:1)
  3 blink frogs (Lair:1)
  A wyvern (Lair:2)
  A yak (Lair:2)
  A basilisk (Lair:1)
  A death yak simulacrum (Lair:1)
  A hornet zombie (D:6)
  An ice beast (D:7)
  A sky beast (D:7)
  A black bear (D:3)
  4 centaurs
  A scorpion (D:6)
  2 killer bees (D:8)
  3 wights
  An orc priest (D:6)
  2 hell rats (D:8)
  2 killer bee zombies (D:7)
  6 foxfires (Lair:2)
  19 fungi
  14 plants
69 creatures vanquished.

Grand Total: 293 creatures vanquished

Notes
Turn   | Place    | Note
-------+----------+-------------------------------------------
     0 | D:1      | ducksouse the Felid Summoner began the quest for the Orb.
     0 | D:1      | Reached XP level 1. HP: 7/7 MP: 4/4
   396 | D:1      | Got the Volume of the Volcanoes and the Oath
   630 | D:1      | Reached XP level 2. HP: 4/11 MP: 4/6
   856 | D:1      | Learned a level 2 spell: Call Imp
  1888 | D:1      | Reached XP level 3. HP: 11/14 MP: 4/7
  2117 | D:2      | Learned a level 3 spell: Call Canine Familiar
  2305 | D:2      | Found a runed translucent door.
  2306 | D:2      | Noticed Crazy Yiuf
  2322 | D:2      | Killed Crazy Yiuf
  2323 | D:2      | Reached skill level 5 in Summonings
  2323 | D:2      | Reached XP level 4. HP: 18/18 MP: 1/9
  2611 | D:2      | Noticed Terence
  2624 | D:2      | Killed Terence
  3440 | D:2      | Learned a level 3 spell: Summon Guardian Golem
  3733 | D:2      | Reached XP level 5. HP: 20/21 MP: 9/11
  4279 | D:3      | Found Favawiju's Distillery.
  4279 | D:3      | Noticed Jessica
  4292 | D:3      | Slain by an adder
  4293 | D:3      | Reached XP level 4. HP: 0/18 MP: 9/10
  4309 | D:3      | Noticed a black bear
  4350 | D:3      | Killed a black bear
  4351 | D:3      | Reached skill level 1 in Unarmed Combat
  4351 | D:3      | Reached XP level 5. HP: 15/21 MP: 9/11
  4371 | D:3      | Learned a level 2 spell: Scorch
  4477 | D:3      | Noticed Natasha
  4496 | D:3      | Killed Natasha
  4777 | D:3      | Noticed Natasha
  4798 | D:3      | Killed Natasha
  4875 | D:3      | Found a faded altar of an unknown god.
  4907 | D:3      | Noticed Sigmund
  4927 | D:3      | Killed Sigmund
  4928 | D:3      | Reached skill level 1 in Hexes
  4928 | D:3      | Reached skill level 6 in Summonings
  4928 | D:3      | Gained mutation: You are covered in thick fur. (AC +2)
                  | [Felid growth]
  4928 | D:3      | Reached XP level 6. HP: 10/24 MP: 13/13
  4959 | D:3      | Noticed Natasha
  4977 | D:3      | Killed Natasha
  5226 | D:3      | Killed Jessica
  5281 | D:3      | Bought a potion of curing for 33 gold pieces
  5281 | D:3      | Bought a potion of curing for 33 gold pieces
  5737 | D:4      | Reached XP level 7. HP: 27/27 MP: 12/14
  5884 | D:4      | Found Text's Jewellery Shop.
  5892 | D:4      | Found Emuilul's Armour Shop.
  5894 | D:4      | Found Oplas's Distillery.
  5895 | D:4      | Found Qiakaf's General Store.
  5923 | D:4      | Bought a potion of curing for 30 gold pieces
  5923 | D:4      | Bought a potion of curing for 30 gold pieces
  6458 | D:4      | Learned a level 4 spell: Summon Lightning Spire
  6522 | D:5      | Entered Level 5 of the Dungeon
  6644 | D:5      | Reached skill level 1 in Fighting
  6952 | D:5      | Reached skill level 7 in Summonings
  7389 | D:5      | Reached skill level 5 in Spellcasting
  7575 | D:5      | Reached XP level 8. HP: 32/32 MP: 7/17
  7644 | D:5      | Found a shimmering altar of Xom.
  7855 | D:5      | Learned a level 1 spell: Slow
  8118 | D:6      | Reached skill level 1 in Evocations
  8251 | D:6      | Reached skill level 1 in Air Magic
  8276 | D:6      | Reached skill level 1 in Fire Magic
  9720 | D:7      | Reached XP level 9. HP: 35/35 MP: 6/20
  9934 | D:7      | Learned a level 6 spell: Summon Cactus Giant
 10574 | D:7      | Reached skill level 8 in Summonings
 10601 | D:7      | Noticed Prince Ribbit
 10623 | D:7      | Killed Prince Ribbit
 11010 | D:7      | Found a staircase to the Ecumenical Temple.
 11621 | D:8      | Found Ylaen's Assorted Antiques.
 11701 | D:8      | Reached skill level 5 in Stealth
 11704 | D:8      | Noticed a death yak
 11716 | D:8      | Noticed a death yak
 11722 | D:8      | Killed a death yak
 11723 | D:8      | Reached XP level 10. HP: 39/39 MP: 10/23
 11723 | D:8      | Noticed a death yak
 11727 | D:8      | Noticed a nameless horror
 11776 | D:8      | Mangled by a death yak
 11777 | D:8      | Reached XP level 9. HP: -11/35 MP: 10/22
 12021 | D:8      | Killed a nameless horror
 12126 | D:8      | Reached skill level 9 in Summonings
 12267 | D:8      | Found a staircase to the Lair.
 12330 | D:8      | Slain by a death yak
 12331 | D:8      | Reached XP level 8. HP: 0/32 MP: 6/21
 12479 | D:8      | Killed a death yak
 12521 | D:8      | Killed a death yak
 12522 | D:8      | Reached skill level 5 in Evocations
 12522 | D:8      | Reached XP level 9. HP: 35/35 MP: 15/22
 13266 | D:9      | Noticed Erolcha
 13297 | D:9      | Reached skill level 10 in Summonings
 13303 | D:9      | Found a flagged portal.
 13337 | D:9      | Learned a level 3 spell: Inner Flame
 13548 | D:9      | Killed Erolcha
 13589 | D:9      | Noticed a two-headed ogre
 13632 | D:9      | Killed a two-headed ogre
 13633 | D:9      | Reached XP level 10. HP: 39/39 MP: 18/24
 14160 | D:10     | Entered Level 10 of the Dungeon
 14405 | Lair:1   | Entered Level 1 of the Lair of Beasts
 14561 | Lair:1   | Noticed a six-headed hydra
 14581 | Lair:1   | Killed a six-headed hydra
 14582 | Lair:1   | Reached skill level 10 in Spellcasting
 14620 | Lair:1   | Reached skill level 11 in Summonings
 14899 | Lair:1   | Found a frozen archway.
 14922 | Lair:1   | Noticed a seven-headed hydra
 14930 | Lair:1   | Noticed a cane toad
 14951 | Lair:1   | Killed a cane toad
 14952 | Lair:1   | Reached XP level 11. HP: 24/42 MP: 9/26
 14983 | Lair:1   | Killed a seven-headed hydra
 14984 | Lair:1   | Reached skill level 5 in Dodging
 15073 | Lair:1   | Found a hide-covered altar of Uskayaw.
 15075 | Lair:1   | Noticed a boulder beetle
 15076 | Lair:1   | Found an ornate altar of the Wu Jian Council.
 15100 | Lair:1   | Killed a boulder beetle
 15722 | Lair:2   | Reached skill level 12 in Summonings
 16490 | Lair:2   | Found a staircase to the Swamp.
 16496 | Lair:2   | HP: 1/42 [will-o-the-wisp/foxfire (23)]
 16499 | Lair:2   | Slain by a water moccasin

Illustrated notes

Levels and vault maps discovered:
D:1:      heliophobic_arrival_glass_houses, layout_basic
D:2:      layout_loops_ring, minmay_pentomino_w4, uniq_terence,
          uniq_crazy_yiuf_cottage
D:3:      layout_basic, shapermc_ecumenical_altar_mp_urbaneastern, serial_shops,
          nicolae_shop_waterfront, uniq_natasha, uniq_jessica, uniq_sigmund
D:4:      layout_gridville, minmay_shop_grid_forest
D:5:      layout_gridville, mainiacjoe_overflow_alcove_1
D:6:      layout_loops_ring
D:7:      minmay_flawed_box, layout_basic, temple_pool_b, uniq_prince_ribbit1
D:8:      layout_basic, dpeg_lair_monsters, serial_shops,
          nicolae_take_the_stairs
D:9:      layout_rooms, enter_bailey_5, grunt_ministairs_11, uniq_erolcha
D:10:     cheibrodos_barr_body, layout_cross, solitary_fountain
Lair:1:   layout_long_grid, portal_ice_cave_entry_ice_simulacra,
          nzn_masters_of_martial_movement, grunt_megastairs_4
Lair:2:   layout_roguey, minmay_swamp_entry_wisps

Skill      XL: |  1  2  3  4  5  6  7  8  9 10 11 |
---------------+----------------------------------+-----
Stealth        | 3 4 5 |  5.2
Summonings     | 5 6 7 10 11 12 | 12.2
Spellcasting   | 3 4 5 6 9 10 11 | 11.1
Unarmed Combat | 1 2 |  2.1
Dodging        | 3 4 6 |  6.0
Hexes          | 1 2 4 |  4.4
Fighting       | 1 |  1.6
Evocations     | 5 4 6 |  6.3
Air Magic      | 1 2 |  2.2
Fire Magic     | 2 3 4 |  4.0

Action                   |  1- 3 |  4- 6 |  7- 9 | 10-12 || total
-------------------------+-------+-------+-------+-------++-------
Melee: Unarmed           |    22 |    60 |    60 |    10 ||   152
       Bite              |     1 |     3 |    10 |     1 ||    15
 Cast: Summon Small Mamm |    20 |     3 |    41 |     7 ||    71
       Call Imp          |    16 |    16 |    41 |    11 ||    84
       Call Canine Famil |     4 |    14 |    59 |    16 ||    93
       Summon Guardian G |       |     9 |    76 |    27 ||   112
       Summon Lightning  |       |       |    13 |     8 ||    21
       Scorch            |       |       |   113 |    57 ||   170
       Summon Cactus Gia |       |       |     2 |     3 ||     5
       Slow              |       |       |     1 |       ||     1
       Inner Flame       |       |       |       |     3 ||     3
Evoke: Wand              |       |       |       |     4 ||     4
  Use: Scroll            |       |     4 |     9 |     4 ||    17
       Potion            |       |       |     6 |     4 ||    10
 Stab: Sleeping          |     2 |     3 |     6 |       ||    11
       Distracted        |     1 |     1 |     1 |       ||     3
Armor: Skin              |     4 |     6 |     7 |     2 ||    19
Dodge: Dodged            |    26 |    72 |   136 |    57 ||   291

Table legend: (Time is in decaauts)
 A = Elapsed time spent in this place.
 B = Non-inter-level travel time spent in this place.
 C = Inter-level travel time spent in this place.
 D = Time resting spent in this place.
 E = Time spent auto-exploring this place.
 F = Levels seen in this place.
 G = Mean time per level.
                   A        B        C        D        E       F      G
               +--------+--------+--------+--------+--------+-----+--------+
         Total |  14343 |  13661 |    682 |   3956 |   2285 |  12 | 1195.2 |
       Dungeon |  12482 |  11841 |    641 |   3110 |   2129 |  10 | 1248.2 |
          Lair |   1861 |   1820 |     41 |    846 |    155 |   2 |  930.5 |
               +--------+--------+--------+--------+--------+-----+--------+

Top non-repeatable levels by time:
     D:1: 1871 daAuts
     D:2: 1668 daAuts
     D:8: 1580 daAuts
     D:6: 1508 daAuts
     D:3: 1506 daAuts
     D:7: 1342 daAuts
     D:5: 1153 daAuts
  Lair:1: 1045 daAuts
     D:9: 986 daAuts
  Lair:2: 816 daAuts
     D:4: 739 daAuts
    D:10: 124 daAuts
